 Dungeon Crawl Stone Soup version bcrawl-1.38.3 (webtiles) character file.

Game seed: 1884900093725328687

308679 MisterOstroum the Slicer (level 10, -9/59 HPs)
             Began as a Mana Stalker Rogue on June 12, 2023.
             Was a Follower of Sif Muna.
             Killed by divine providence
             ... invoked by an orc priest
              (11 damage)
             ... on level 9 of the Dungeon.
             The game lasted 00:27:27 (8474 turns).

MisterOstroum the Slicer (Mana Stalker Rogue)       Turns: 8474, Time: 00:27:28

Health: -9/59      AC: 10    Str: 12 (14) XL:     10   Next: 64%
Magic:  0/13       EV: 15    Int: 16 (17) God:    Sif Muna [*.....]
Gold:   674        SH:  0    Dex: 17 (18) Spells: 12/12 levels left

rFire    x . .     GDR:     28% c - +0 blowgun
rCold    + + .     SeeInvis .   (no shield)
rNeg     . . .     Gourm    .   C - +3 leather armour {rPois}
rPois    +         Faith    .   P - +0 helmet
rElec    .         Spirit   +   s - +0 cloak
rCorr    .         Reflect  .   x - +0 pair of gloves
MR       ++...                  Q - +0 pair of boots
Stlth    ++++......             B - amulet of guardian spirit
HPRegen  0.59/turn              I - +5 ring of intelligence
MPRegen  0.13/turn              U - ring of ice

@: no status effects
A: fangs 3, hooves 1, cold resistance 1, deterioration 1, magic resistance 1,
regeneration 1, antimagic bite, no potion heal 3, rot immunity, strong jaws
a: Divine Energy, Renounce Religion


You were on level 9 of the Dungeon.
You worshipped Sif Muna.
Sif Muna was aware of your devotion.
You were hungry.

You visited 2 branches of the dungeon, and saw 10 of its levels.
You also visited: Ossuary.

You collected 674 gold pieces.

Inventory:

Hand Weapons
 a - a +2 dagger of venom
 b - a +0 hunting sling
 c - a +0 blowgun (weapon)
 d - a +0 short sword of draining
 E - a +1 hand axe of electrocution
Missiles
 h - 261 poisoned needles (quivered)
 r - 1638 arrows
 v - 361 sling bullets
 A - 459 stones
 H - 306 bolts
 X - 55 javelins
Armour
 s - a +0 cloak (worn)
 x - a +0 pair of gloves (worn)
 C - a +3 leather armour of poison resistance (worn)
 P - a +0 helmet (worn)
 Q - a +0 pair of boots (worn)
Jewellery
 k - an uncursed amulet of the gourmand
 B - an amulet of guardian spirit (around neck)
 I - a +5 ring of intelligence (left hand)
 U - a ring of ice (right hand)
Wands
 f - a wand of flame (15)
 g - a wand of charming (15)
 J - a wand of disintegration (28)
 K - a wand of random effects (9)
 R - a wand of digging (9)
 S - a wand of clouds (3)
 T - a wand of acid (6)
Scrolls
 m - 3 scrolls of enchant weapon
 n - 5 scrolls of teleportation
 o - a scroll of fog {!r}
 q - 5 scrolls of remove curse
 u - a scroll of enchant armour {unknown}
 y - a scroll of fear {!r}
 L - a scroll of summoning {unknown}
 M - a scroll of noise {unknown}
 N - a scroll of magic mapping {unknown}
 V - a scroll of vulnerability {unknown}
Potions
 p - 2 potions of magic
 t - 9 potions of curing {@q1 !q}
 w - 2 potions of flight
 z - 2 potions of lignification
 D - a potion of haste {@q4 !q}
 F - 2 potions of resistance
 G - 3 potions of might
 O - 2 potions of berserk rage {unknown}
Comestibles
 e - 10 rations {!d}
 i - 4 chunks of flesh


   Skills:
 + Level 5.2 Fighting
 - Level 10.0 Short Blades
 + Level 6.2 Slings
 + Level 5.3 Dodging
 + Level 7.5 Stealth
 + Level 1.5 Spellcasting
 - Level 3.0 Evocations


You had 12 spell levels left.
You didn't know any spells.
Your spell library was empty.

Dungeon Overview and Level Annotations

Branches:
Dungeon (9/12)             Temple (1/1) D:5
   Lair: D:7-9          Orc: D:8-11

Altars:
Cheibriados
Elyvilon
Gozag
Hepliaklqana
Makhleb
Nemelex Xobeh
Ru
Sif Muna
Trog
Uskayaw
Vehumet
Xom
Yredelemnul
Zin
The Shining One

Shops:
D:4 *   D:5 [   D:8 %


Innate Abilities, Weirdness & Mutations

You have razor-sharp teeth.
You are resistant to hostile enchantments. (MR+)
Your natural rate of healing is unusually fast.
Your bite disrupts and absorbs the magic of your enemies.
Potions cannot restore your health.
You are immune to rotting.
Your bites deal extra damage.
You have large cloven feet.
Your flesh is cold resistant. (rC+)
Your body sometimes deteriorates upon taking damage.


Message History

a +0 mace; a +0 ring mail; an orc skeleton You see here a club.
An orc comes into view. It is wielding a +0 flail.
An orc is nearby!
An orc is nearby!
Your +2 dagger of venom stops dripping with poison.
b - a +0 hunting sling (weapon)
The orc shouts!
An orc comes into view. It is wielding a +0 club.
An orc warrior comes into view. It is wielding a +0 morningstar.
Firing (i - inventory. (/) - cycle)
A - 465 stones (quivered)
Press: ? - help, Shift-Dir - straight line, f - orc
Aim: an orc, wielding a +0 flail You shoot a stone.
The stone barely misses the orc.
The stone closely misses the orc warrior.
Firing (i - inventory. (/) - cycle)
A - 464 stones (quivered)
Press: ? - help, Shift-Dir - straight line, f/p - orc
Aim: an orc, wielding a +0 flail You shoot a stone.
The stone closely misses the orc.
The stone closely misses the orc warrior.
An orc wizard comes into view. It is wielding a +0 dagger.
Firing (i - inventory. (/) - cycle)
A - 463 stones (quivered)
Press: ? - help, Shift-Dir - straight line, f/p - orc
Aim: an orc, wielding a +0 flail You shoot a stone.
The stone barely misses the orc.
The orc wizard shouts!
An orc priest comes into view. It is wielding a +0 club.
You see here a club.
Firing (i - inventory. (/) - cycle)
A - 462 stones (quivered)
Press: ? - help, Shift-Dir - straight line, f/p - orc
Aim: an orc, wielding a +0 flail You shoot a stone.
The stone hits the orc.
The orc is moderately wounded.
Firing (i - inventory. (/) - cycle)
A - 461 stones (quivered)
Press: ? - help, Shift-Dir - straight line, f/p - orc
Aim: an orc, wielding a +0 flail (moderately wounded)
You shoot a stone. The stone barely misses the orc.
Firing (i - inventory. (/) - cycle)
A - 460 stones (quivered)
Press: ? - help, Shift-Dir - straight line, f/p - orc
Aim: an orc, wielding a +0 flail (moderately wounded)
You are feeling hungry.
You shoot a stone. The stone hits the orc!
You kill the orc!
Sif Muna accepts your kill.
The orc priest calls down the wrath of Beogh upon you.
Beogh smites you!
An orc warrior comes into view.
It is wielding a +0 war axe, wearing a +2 plate armour of cold resistance and quivering 133 poisoned tomahawks.
Things that are here:
a +0 mace; a +0 ring mail; an orc skeleton Wield which item (- for none, * to show all)? (? for menu, Esc to quit)
c - a +0 blowgun (weapon)
The orc warrior shouts!
The orc warrior throws a poisoned tomahawk.
The poisoned tomahawk closely misses you.
An orc wizard comes into view. It is wielding a +0 dagger.
The orc warrior throws a poisoned tomahawk.
The poisoned tomahawk hits you.
Things that are here:
a +0 spear; a gnoll skeleton Firing (i - inventory. (/) - cycle)
h - 262 poisoned needles (quivered)
Press: ? - help, Shift-Dir - straight line, f - orc warrior
Aim: an orc warrior, wielding a +0 morningstar and wearing a +0 plate armour You shoot a poisoned needle.
The poisoned needle hits the orc warrior.
The orc warrior is poisoned.
The orc wizard shouts!
The orc warrior throws a poisoned tomahawk.
The poisoned tomahawk barely misses you.
The poisoned tomahawk hits the orc warrior!
The orc warrior looks more poisoned.
The orc warrior hits you with a +0 morningstar!
The orc warrior throws a poisoned tomahawk.
The poisoned tomahawk closely misses you.
Things that are here:
a +0 whip; a gnoll skeleton The orc warrior throws a poisoned tomahawk.
The poisoned tomahawk hits you!
Your body deteriorates!
You feel weakened. The orc wizard closely misses you.
The orc warrior barely misses you. The orc wizard misses you.
The orc wizard casts a cantrip, but nothing happens.
You clumsily bash the orc warrior but do no damage.
Your bite misses the orc warrior.
You kill the orc warrior!
Sif Muna accepts your kill.
The orc wizard begins to cast a cantrip, but forgets the words!
The orc warrior hits you with a +0 war axe!
The orc wizard gestures at you while chanting.
The fire burns you terribly! The puff of flame hits you!
* * * LOW HITPOINT WARNING * * *
You clumsily bash the orc warrior but do no damage.
Your bite misses the orc warrior.
The orc warrior hits you but does no damage.
The orc closely misses you.
The orc wizard gestures at you while chanting.
The fire burns you terribly! The puff of flame hits you!
* * * LOW HITPOINT WARNING * * *
The orc priest invokes the aid of Beogh against you.
Beogh smites you!
You die...

##.###.....#
##.## ##..##
#.)# ##
#.#o#
####)####
#...)o..#
###.......#
#......o..#
#....)o@..#
#.....o...#
###..<....#
#.......#
##.###### ..
##. #. ##


You could see an orc warrior, 2 orc wizards, an orc priest and an orc.

Vanquished Creatures
  An ugly thing (D:7)
  A troll (D:8)
  A hornet (D:7)
  A hippogriff (D:7)
  6 yaks (D:8)
  A hungry ghost (D:7)
  A crocodile (D:7)
  An ice beast (D:8)
  2 orc warriors
  2 phantoms
  6 ogres
  A necrophage (D:6)
  4 bullfrogs
  An elf zombie (Ossuary)
  2 kobold brigands
  3 centaurs
  3 scorpions
  8 wights
  A howler monkey (D:4)
  3 orc priests
  A crimson imp (D:5)
  A quasit (D:8)
  2 human zombies (Ossuary)
  3 orc wizards
  3 hounds
  2 iguanas
  9 worker ants
  2 mummies (Ossuary)
  4 hound skeletons
  A howler monkey zombie (D:7)
  A worker ant zombie (D:8)
  2 howler monkey skeletons (D:5)
  2 gnolls (D:9)
  4 adders
  2 centaur zombies (Ossuary)
  A shadow imp (D:5)
  2 oozes
  2 adder zombies
  2 adder skeletons
  6 worms
  2 dart slugs (D:3)
  5 leopard geckos
  32 orcs
  5 bats (D:1)
  6 giant cockroaches
  5 goblins
  6 hobgoblins
  3 jackals (D:3)
  A quokka (D:4)
  A ball python (D:1)
  3 frilled lizards
  2 goblin zombies (Ossuary)
  10 hobgoblin zombies (Ossuary)
  2 jackal zombies (Ossuary)
  16 kobolds
  12 kobold zombies (Ossuary)
  4 orc zombies (Ossuary)
  A quokka skeleton (D:4)
  5 rats
  A rat zombie (Ossuary)
223 creatures vanquished.

Notes
Turn   | Place    | Note
-------+----------+-------------------------------------------
     0 | D:1      | MisterOstroum the Vine Stalker Rogue began the quest for
                  | the Orb.
     0 | D:1      | Reached XP level 1. HP: 12/12 MP: 3/3
   131 | D:1      | Reached skill level 2 in Short Blades
   167 | D:1      | Reached XP level 2. HP: 17/17 MP: 4/4
   440 | D:1      | Gained mutation: You have large cloven feet. [potion of
                  | mutation]
   440 | D:1      | Gained mutation: Your flesh is cold resistant. (rC+)
                  | [potion of mutation]
   476 | D:1      | Reached XP level 3. HP: 21/21 MP: 5/5
   490 | D:1      | Reached skill level 3 in Short Blades
  1747 | D:3      | Reached XP level 4. HP: 14/26 MP: 6/6
  1764 | D:3      | Reached skill level 1 in Dodging
  1917 | D:3      | Reached skill level 4 in Short Blades
  1917 | D:3      | Reached XP level 5. HP: 20/30 MP: 7/7
  2563 | D:4      | Noticed an ogre
  2599 | D:4      | Noticed an ogre
  2824 | D:4      | Gained mutation: You have razor-sharp teeth. [Vine Stalker
                  | growth]
  2824 | D:4      | Reached XP level 6. HP: 33/36 MP: 8/8
  3084 | D:4      | Reached skill level 5 in Short Blades
  3084 | D:4      | Reached XP level 7. HP: 40/40 MP: 9/9
  3216 | D:4      | Reached skill level 1 in Slings
  3452 | D:4      | Found Derhotull's General Store.
  3763 | D:4      | Found a glowing golden altar of the Shining One.
  3895 | D:5      | Entered Level 5 of the Dungeon
  3926 | D:5      | Found a sand-covered staircase.
  3931 | Ossuary  | Entered an ossuary
  4236 | Ossuary  | Gained mutation: Your bite disrupts and absorbs the magic
                  | of your enemies. [Mana Stalker growth]
  4236 | Ossuary  | Gained mutation: You are resistant to hostile enchantments.
                  | (MR+) [Mana Stalker growth]
  4236 | Ossuary  | Reached XP level 8. HP: 39/46 MP: 9/10
  4469 | D:5      | Found Nudehec's Armour Boutique.
  4753 | D:5      | Found a staircase to the Ecumenical Temple.
  4758 | Temple   | Entered the Ecumenical Temple
  4814 | Temple   | Became a worshipper of Sif Muna the Loreminder
  4885 | D:5      | Found a sparkling altar of Nemelex Xobeh.
  5098 | D:6      | Reached skill level 6 in Short Blades
  5417 | D:6      | Reached XP level 9. HP: 52/52 MP: 12/12
  5750 | D:6      | Found a shimmering altar of Xom.
  6038 | D:7      | Reached skill level 7 in Short Blades
  6038 | D:7      | Reached skill level 5 in Dodging
  6088 | D:7      | Noticed a red ugly thing
  6155 | D:7      | Killed a red ugly thing
  6249 | D:7      | Reached skill level 5 in Fighting
  6318 | D:7      | Reached skill level 5 in Slings
  6373 | D:7      | Noticed a hornet
  6401 | D:7      | Reached skill level 8 in Short Blades
  6583 | D:7      | Found a bloodstained altar of Trog.
  6638 | D:7      | Killed a hornet
  6639 | D:7      | Reached XP level 10. HP: 59/59 MP: 13/13
  6842 | D:8      | Found Kijoroeck's Food Shoppe.
  6955 | D:8      | Reached skill level 9 in Short Blades
  7082 | D:8      | Lost mutation: You have large cloven feet. [potion of
                  | mutation]
  7082 | D:8      | Lost mutation: Your flesh is cold resistant. (rC+) [potion
                  | of mutation]
  7082 | D:8      | Gained mutation: Your flesh is cold resistant. (rC+)
                  | [potion of mutation]
  7082 | D:8      | Gained mutation: Your body sometimes deteriorates upon
                  | taking damage. [potion of mutation]
  7082 | D:8      | Gained mutation: You have large cloven feet. [potion of
                  | mutation]
  7464 | D:8      | Noticed a two-headed ogre
  7536 | D:8      | Found a burning altar of Makhleb.
  7542 | D:8      | Found a snail-covered altar of Cheibriados.
  7690 | D:8      | Reached skill level 10 in Short Blades
  7744 | D:8      | Reached skill level 1 in Spellcasting
  7838 | D:8      | Reached * piety under Sif Muna
  8003 | D:8      | Noticed a two-headed ogre
  8474 | D:9      | HP: 2/59 [orc wizard/puff of flame (13)]
  8474 | D:9      | Killed from afar by an orc priest

Skill      XL: |  1  2  3  4  5  6  7  8  9 10 |
---------------+-------------------------------+-----
Short Blades   | 2 3 4 5 6 8 10 | 10.0
Fighting       | 2 3 4 5 |  5.2
Stealth        | 6 7 |  7.5
Dodging        | 1 2 3 4 5 |  5.3
Slings         | 4 5 6 |  6.2
Evocations     | 3 |  3.0
Spellcasting   | 1 |  1.5

Action                   |  1- 3 |  4- 6 |  7- 9 | 10-12 || total
-------------------------+-------+-------+-------+-------++-------
Melee: Dagger            |    84 |    34 |   214 |   124 ||   456
       Bite              |     6 |     4 |    55 |    53 ||   118
       Kick              |     9 |    16 |    79 |    11 ||   115
       Short sword       |       |     7 |    15 |     6 ||    28
       Blowgun           |       |     1 |       |     2 ||     3
       Hand axe          |       |       |     3 |       ||     3
 Fire: Hunting sling     |    20 |    60 |   208 |    48 ||   336
       Blowgun           |     5 |    40 |    42 |    23 ||   110
Throw: Stone             |       |       |    13 |     5 ||    18
  Use: Scroll            |     2 |       |    11 |     5 ||    18
       Potion            |     1 |       |       |     1 ||     2
 Stab: Sleeping          |    13 |       |    14 |     4 ||    31
  Eat: Chunk             |     5 |     8 |    20 |     9 ||    42
       Ration            |       |       |     1 |       ||     1
Armor: Leather armour    |    21 |    25 |    89 |    24 ||   159
Dodge: Dodged            |    37 |    40 |   170 |    75 ||   322
